[Event "Team 45 45 League T93"]
[Site "Internet Chess Club"]
[Date "2022.07.25"]
[Round "2"]
[White "fishhead"]
[Black "ElValero"]
[Result "1-0"]
[WhiteElo "1725"]
[BlackElo "1750"]
[Opening "French: Winawer, advance variation"]
[ECO "C16"]
[Time "13:00:18"]
[PlyCount "115"]
[TimeControl "2700+45"]

1. e4 e6 2. d4 d5 3. Nc3 Bb4 4. e5 b6 5. Qg4 Bf8 6. Nce2 Ba6 7. Nf3 c5 8. c3 Nc6
9. h4 Nge7 10. Qf4 Bxe2 11. Bxe2 h5 12. Bd3 c4 13. Bc2 g6 14. Ng5 Nf5 15. f3 Bh6
16. g4 hxg4 17. Qxg4 Qe7 18. Ba4 Kd7 19. Bd2 a6 20. Bc2 Kc7 21. b4 cxb3 22. axb3
Kb7 23. Kf2 Rac8 24. Bd3 b5 25. b4 Nb8 26. Ra2 Kb6 27. f4 Bg7 28. h5 gxh5 29.
Rxh5 Rxh5 30. Qxh5 Nh6 31. Qe2 Rh8 32. Ke1 Nf5 33. Kd1 Rh1+ 34. Kc2 Nc6 35. Bxf5
exf5 36. Qg2 Qc7 37. Qxh1 Nxb4+ 38. Kb1 Nxa2 39. Kxa2 Qc4+ 40. Kb2 b4 41. Qf3 b3
42. Qd1 Kc7 43. Qxb3 Qe2 44. Qc2 Qb5+ 45. Kc1 Bf8 46. Qb2 Qa4 47. Kb1 Ba3 48.
Qc2 Qb5+ 49. Ka2 Be7 50. Nxf7 Qa5+ 51. Kb1 Qb5+ 52. Qb2 Qf1+ 53. Bc1 Bh4 54. Nd6
Qd3+ 55. Ka1 Be1 56. Qb7+ Kd8 57. Qc8+ Ke7 58. Qe8# {Black checkmated} 1-0

[Event "Team 45 45 League T93"]
[Site "Internet Chess Club"]
[Date "2022.07.21"]
[Round "2"]
[White "VictorRed"]
[Black "fvafier"]
[Result "1-0"]
[WhiteElo "1673"]
[BlackElo "1480"]
[Opening "French: exchange, Svenonius variation"]
[ECO "C01"]
[Time "20:01:34"]
[PlyCount "121"]
[TimeControl "2700+45"]

1. e4 e6 2. d4 d5 3. exd5 exd5 4. Nc3 Nf6 5. Bg5 Be7 6. Qe2 Be6 7. Qb5+ Nbd7 8.
Nf3 O-O 9. O-O-O Rb8 10. Qd3 Ng4 11. Be3 Nxe3 12. fxe3 h6 13. h3 Nf6 14. g4 Nh7
15. Be2 c6 16. Rdg1 b5 17. h4 g6 18. Ne5 Qe8 19. e4 f6 20. exd5 cxd5 21. Qxg6+
Qxg6 22. Nxg6 Rf7 23. Nxb5 Bb4 24. a3 Ba5 25. Nd6 Rd7 26. Nf5 Kf7 27. Nf4 Bxf5
28. gxf5 Rg8 29. Rxg8 Kxg8 30. Nxd5 Rg7 31. b4 Bd8 32. Nf4 Nf8 33. Bc4+ Kh7 34.
Ne6 Nxe6 35. fxe6 Be7 36. Bd3+ Kg8 37. c4 Rg2 38. Bc2 Rg4 39. Rd1 Rxh4 40. c5
Rh3 41. Kb2 Kf8 42. d5 f5 43. Bxf5 Bf6+ 44. Ka2 Rf3 45. Bc2 Ke7 46. a4 h5 47. b5
Rc3 48. Bb3 Rxc5 49. d6+ Ke8 50. Rd5 Rxd5 51. Bxd5 h4 52. Kb3 Be5 53. d7+ Ke7
54. Kc4 Bd6 55. Bf3 Bc7 56. Bg4 Kd6 57. Kb4 Bd8 58. a5 Bc7 59. b6 axb6 60. a6
Kc6 61. Bf3+ {Black resigns} 1-0

[Event "Team 45 45 League T93"]
[Site "Internet Chess Club"]
[Date "2022.07.23"]
[Round "2"]
[White "Signofthetimes"]
[Black "Portola"]
[Result "1/2-1/2"]
[WhiteElo "1511"]
[BlackElo "1690"]
[Opening "French defense"]
[ECO "C00"]
[Time "15:00:45"]
[PlyCount "89"]
[TimeControl "2700+45"]

1. e4 e6 2. Nf3 d5 3. exd5 exd5 4. d4 Nf6 5. Bd3 Be7 6. Bg5 O-O 7. Nbd2 c6 8.
O-O Bg4 9. c3 Nbd7 10. Qc2 h6 11. Bh4 Bxf3 12. Nxf3 Re8 13. Rfe1 Qc7 14. Bg3 Bd6
15. Rxe8+ Rxe8 16. Bxd6 Qxd6 17. h3 a6 18. b3 b5 19. c4 Nh5 20. cxb5 cxb5 21.
Rc1 Nf4 22. Bf1 Nf8 23. Qc6 Rd8 24. a4 bxa4 25. Qxa4 Qb8 26. Bxa6 Re8 27. Bf1
N8g6 28. b4 Ne2+ 29. Bxe2 Rxe2 30. Rb1 Qc8 31. Re1 Nf4 32. Rxe2 Nxe2+ 33. Kh2
Qc7+ 34. g3 Qe7 35. b5 Qe4 36. Kg2 Nc1 37. b6 Nd3 38. Qa2 Ne1+ 39. Kf1 Nxf3 40.
b7 Qd3+ 41. Kg2 Ne1+ 42. Kg1 Nf3+ 43. Kg2 Ne1+ 44. Kg1 Nf3+ 45. Kg2 {Game drawn
by repetition} 1/2-1/2

[Event "Team 45 45 League T93"]
[Site "Internet Chess Club"]
[Date "2022.07.21"]
[Round "2"]
[White "mongmong"]
[Black "BlueStorm"]
[Result "1/2-1/2"]
[WhiteElo "1509"]
[BlackElo "1421"]
[Opening "Queen's pawn game"]
[ECO "D04"]
[Time "18:09:30"]
[PlyCount "93"]
[TimeControl "2700+45"]

1. d4 Nf6 2. Nf3 d5 3. e3 b6 4. Bd3 Ba6 5. Qe2 Bxd3 6. Qxd3 e6 7. Nbd2 Bd6 8.
O-O c5 9. c3 c4 10. Qc2 O-O 11. e4 dxe4 12. Nxe4 Nxe4 13. Qxe4 Nd7 14. Re1 Nf6
15. Qe2 Qc7 16. Bg5 Nd5 17. Bd2 Nf4 18. Bxf4 Bxf4 19. Ne5 Bxe5 20. Qxe5 Qxe5 21.
Rxe5 Rfd8 22. Rae1 Kf8 23. f4 Rd5 24. Kf2 Rxe5 25. Rxe5 a6 26. Kf3 Ke7 27. f5
Kd6 28. fxe6 fxe6 29. Rg5 Ra7 30. g4 Rf7+ 31. Ke2 g6 32. h4 Rf6 33. h5 gxh5 34.
Rxh5 h6 35. g5 hxg5 36. Rxg5 Rh6 37. Rg2 Rh3 38. Rf2 Kd5 39. Rf3 Rh2+ 40. Rf2
Rxf2+ 41. Kxf2 Ke4 42. Ke2 a5 43. a4 Kf4 44. Kf2 Ke4 45. Ke2 Kf4 46. Kd2 Ke4 47.
Ke2 {Game drawn by repetition} 1/2-1/2

[Event "Team 45 45 League T93"]
[Site "Internet Chess Club"]
[Date "2022.07.23"]
[Round "2"]
[White "bobhill"]
[Black "fileman"]
[Result "0-1"]
[WhiteElo "1813"]
[BlackElo "1851"]
[Opening "Old Indian: Tartakower (Wade) variation"]
[ECO "A41"]
[Time "09:05:17"]
[PlyCount "78"]
[TimeControl "2700+45"]

1. d4 d6 2. Nf3 Bg4 3. Bg5 Nd7 4. c3 h6 5. Bh4 g5 6. Bg3 Bg7 7. Nbd2 Ngf6 8. Qc2
O-O 9. h3 Bh5 10. e3 c6 11. Bd3 b5 12. O-O Re8 13. Rfe1 e5 14. a4 a6 15. axb5
axb5 16. dxe5 dxe5 17. Ne4 Qe7 18. Nfd2 Nc5 19. Nxf6+ Bxf6 20. Bf5 Kg7 21. b4
Na4 22. e4 Red8 23. f3 Rd6 24. Bf2 Rad8 25. Nb3 Rd3 26. Re3 Qd6 27. Rae1 Nxc3
28. Nc5 Rxe3 29. Bxe3 Na4 30. Nxa4 bxa4 31. Qxa4 Be7 32. Kf2 Qxb4 33. Qxc6 Rd3
34. Rc1 Qa3 35. Qb6 Bb4 36. g4 Bd2 37. Kg2 Bxe3 38. Qb5 Rd2+ 39. Kg3 Bf4# {White
checkmated} 0-1

[Event "Team 45 45 League T93"]
[Site "Internet Chess Club"]
[Date "2022.07.23"]
[Round "2"]
[White "MrAbendroth"]
[Black "Beetlejuice"]
[Result "1-0"]
[WhiteElo "1654"]
[BlackElo "1693"]
[Opening "Sicilian defense"]
[ECO "B44"]
[Time "14:01:02"]
[PlyCount "63"]
[TimeControl "2700+45"]

1. e4 c5 2. Nf3 Nc6 3. d4 cxd4 4. Nxd4 e6 5. Be3 a6 6. Be2 Nf6 7. Nd2 Qc7 8. c3
Be7 9. O-O d5 10. Nxc6 bxc6 11. Bf3 O-O 12. Qc2 e5 13. Rac1 h6 14. Rfe1 Bg4 15.
Bd1 Bxd1 16. Rcxd1 Ng4 17. Nf1 Nxe3 18. Nxe3 dxe4 19. Qxe4 Kh8 20. Nf5 Bf6 21.
Rd3 Rfd8 22. Rh3 Kg8 23. Rf3 Bg5 24. h4 Bd2 25. Re2 g6 26. Rxd2 gxf5 27. Rxd8+
Rxd8 28. Rg3+ Kf8 29. Qxf5 Rd2 30. Qf6 e4 31. Qxh6+ Ke7 32. Qxd2 {Black resigns}
1-0

[Event "Team 45 45 League T93"]
[Site "Internet Chess Club"]
[Date "2022.07.22"]
[Round "2"]
[White "ZenoElea"]
[Black "Redman1"]
[Result "1-0"]
[WhiteElo "1722"]
[BlackElo "1620"]
[Opening "Queen's pawn: Yusupov-Rubinstein system"]
[ECO "A46"]
[Time "08:00:22"]
[PlyCount "75"]
[TimeControl "2700+45"]

1. d4 Nf6 2. Nf3 e6 3. e3 b6 4. Bd3 Bb7 5. O-O c5 6. c4 Be7 7. Nc3 d6 8. d5 exd5
9. cxd5 Nbd7 10. e4 O-O 11. h3 Re8 12. Re1 a6 13. a4 Qc7 14. b3 Bf8 15. Bb2 g6
16. Qc2 Rac8 17. Nd1 Bg7 18. Ne3 b5 19. axb5 axb5 20. Bxb5 Nxe4 21. Bxg7 Kxg7
22. Ra4 Nef6 23. Qb2 Kg8 24. Rd1 Qb6 25. Bxd7 Nxd7 26. Ng4 f6 27. Ng5 Ne5 28.
Nxf6+ Kg7 29. Nxe8+ Rxe8 30. Kh2 Kg8 31. Rf4 c4 32. Rh4 Re7 33. b4 Qc7 34. Qd4
Qd7 35. Ne4 Qa4 36. Nf6+ Kg7 37. Rxh7+ Kxf6 38. Qf4# {Black checkmated} 1-0

[Event "Team 45 45 League T93"]
[Site "Internet Chess Club"]
[Date "2022.07.21"]
[Round "2"]
[White "LoseOften"]
[Black "Rookmaster"]
[Result "1-0"]
[WhiteElo "1546"]
[BlackElo "1490"]
[Opening "Pirc defense"]
[ECO "B07"]
[Time "07:09:00"]
[PlyCount "113"]
[TimeControl "2700+45"]

1. e4 d6 2. d4 Nf6 3. Nc3 Nbd7 4. f4 e5 5. Nf3 exd4 6. Nxd4 g6 7. Be3 Bg7 8. Be2
O-O 9. Bf3 c6 10. Nb3 Qc7 11. Qd3 b6 12. O-O-O Bb7 13. Qxd6 Qxd6 14. Rxd6 Nb8
15. e5 Ne8 16. Rd8 Nc7 17. Rhd1 Nba6 18. R8d7 Rab8 19. Ne4 Nd5 20. Nd6 Nxe3 21.
Rd3 Nxc2 22. Kxc2 Nb4+ 23. Kd2 Nxd3 24. Kxd3 Ba6+ 25. Ke3 c5 26. Rxa7 Bc8 27.
Nxf7 Be6 28. Ng5 Rf7 29. Nxf7 Bxf7 30. Rb7 Rxb7 31. Bxb7 Bf8 32. Ke4 Kg7 33. Bd5
Be8 34. Nd2 b5 35. g4 Be7 36. Nf3 h6 37. f5 gxf5+ 38. gxf5 Bd8 39. b3 Bc7 40.
Nd2 Bh5 41. Bc6 b4 42. Nc4 Be2 43. Kd5 h5 44. Kxc5 Bxc4 45. Kxc4 Bxe5 46. Kxb4
Bxh2 47. Kc4 Kf6 48. Be4 Ke5 49. Bd3 h4 50. a4 Bf4 51. a5 h3 52. Bf1 h2 53. Bg2
Kxf5 54. Kd5 Be3 55. b4 Kf6 56. Kc6 Ke5 57. b5 {Black resigns} 1-0

[Event "Team 45 45 League T93"]
[Site "Internet Chess Club"]
[Date "2022.07.24"]
[Round "2"]
[White "kasraei"]
[Black "walkover"]
[Result "0-1"]
[WhiteElo "1721"]
[BlackElo "1723"]
[Opening "Queen's pawn: London system"]
[ECO "A45"]
[Time "14:01:50"]
[PlyCount "100"]
[TimeControl "2700+45"]

1. d4 Nf6 2. Bf4 d5 3. Nd2 c5 4. c3 Nc6 5. e3 Bf5 6. Ngf3 Qb6 7. Qb3 c4 8. Qxb6
axb6 9. Be2 b5 10. O-O h6 11. b3 Ra3 12. Ne5 Nxe5 13. dxe5 Nd7 14. Bf3 Bd3 15.
e6 fxe6 16. Bh5+ Kd8 17. Rfe1 g5 18. Bg3 Bg7 19. Rec1 b4 20. Nf3 Bxc3 21. Rxc3
bxc3 22. Nd4 Nc5 23. Nb5 Nxb3 24. Re1 Rxa2 25. Nxc3 Ra5 26. Be5 Rg8 27. Bf7 Rf8
28. Bxe6 Nc5 29. Bxd5 Rf5 30. Bd4 e5 31. Bxc5 Rxc5 32. Bxb7 Rf7 33. Bf3 Ra7 34.
Rd1 Ra3 35. Nd5 Rca5 36. h3 Ra1 37. Rxa1 Rxa1+ 38. Kh2 e4 39. Bg4 Rc1 40. f4
exf3 41. gxf3 c3 42. Nb4 Rd1 43. Nc6+ Kc7 44. Nd4 Bc4 45. Bf5 Bd3 46. Ne6+ Kd6
47. Nd4 Bxf5 48. Nxf5+ Ke5 49. Nxh6 c2 50. Ng4+ Ke6 {White resigns} 0-1

[Event "Team 45 45 League T93"]
[Site "Internet Chess Club"]
[Date "2022.07.23"]
[Round "2"]
[White "ARMAND02019"]
[Black "hipopotamos"]
[Result "1/2-1/2"]
[WhiteElo "1610"]
[BlackElo "1714"]
[Opening "Queen's pawn game, Darooha variation "]
[ECO "D02"]
[Time "22:01:03"]
[PlyCount "118"]
[TimeControl "2700+45"]

1. Nf3 d5 2. d4 Nf6 3. g3 Bf5 4. Bg2 e6 5. O-O Be7 6. Nc3 O-O 7. Nh4 Bg4 8. h3
Bh5 9. Nf3 Nbd7 10. Bf4 c5 11. Ne5 cxd4 12. Qxd4 Bc5 13. Qd2 Rc8 14. Kh2 Bb4 15.
Nxd7 Nxd7 16. a3 Bxc3 17. bxc3 Qa5 18. Bd6 Rfe8 19. Bb4 Qb5 20. g4 Bg6 21. a4
Qc4 22. a5 Ne5 23. f4 Nc6 24. f5 exf5 25. gxf5 Nxb4 26. fxg6 Rxe2 27. gxf7+ Kf8
28. Qf4 Qxf4+ 29. Rxf4 Nxc2 30. Ra2 Rxc3 31. Kg1 Nd4 32. Ra1 Nb3 33. Raf1 Rg3
34. R1f2 Nc1 35. Kh2 Rge3 36. Rxe2 Nxe2 37. Rb4 d4 38. Rxb7 Nf4 39. Bf1 d3 40.
Rxa7 Re1 41. Bxd3 Nxd3 42. Rd7 Nc5 43. Rc7 Ne6 44. Ra7 Rf1 45. a6 Rxf7 46. Rb7
Re7 47. a7 Re8 48. Kg3 h6 49. Kg4 g6 50. h4 g5 51. hxg5 hxg5 52. Rb8 Nc7 53.
Kxg5 Ke7 54. Kf5 Kd7 55. Rxe8 Kxe8 56. Ke5 Ke7 57. Kd4 Kd6 58. Kc4 Kc6 59. a8=Q+
Nxa8 {Game drawn because neither player has mating material} 1/2-1/2

[Event "Team 45 45 League T93"]
[Site "Internet Chess Club"]
[Date "2022.07.22"]
[Round "2"]
[White "Timmah4651"]
[Black "julesraider"]
[Result "1/2-1/2"]
[WhiteElo "1602"]
[BlackElo "1621"]
[Opening "Caro-Kann: advance variation"]
[ECO "B12"]
[Time "22:04:50"]
[PlyCount "78"]
[TimeControl "2700+45"]

1. e4 c6 2. d4 d5 3. e5 c5 4. Na3 cxd4 5. Nb5 Nc6 6. Nf3 a6 7. Nbxd4 Bg4 8. Be2
Bxf3 9. Nxf3 e6 10. O-O Nge7 11. Bg5 Qc7 12. Re1 Ng6 13. Bd3 Nb4 14. Bxg6 hxg6
15. Nd4 Bc5 16. c3 Nc6 17. f4 Qb6 18. Kh1 Nxd4 19. cxd4 Bxd4 20. Qa4+ Kf8 21.
Qd7 Be3 22. Re2 Kg8 23. Rc2 Kh7 24. Re1 Qd4 25. Qxf7 Rhf8 26. Qxe6 Bf2 27. Rc3
Qxc3 28. bxc3 Bxe1 29. Qxd5 Bxc3 30. Qf3 Rac8 31. Qh3+ Kg8 32. Qe6+ Kh7 33. h4
Bd4 34. Qd5 Rc1+ 35. Kh2 Bg1+ 36. Kh1 Bf2+ 37. Kh2 Bg1+ 38. Kh1 Bf2+ 39. Kh2
Bg1+ {Game drawn by repetition} 1/2-1/2

[Event "Team 45 45 League T93"]
[Site "Internet Chess Club"]
[Date "2022.07.21"]
[Round "2"]
[White "jfkingiii"]
[Black "fireball"]
[Result "0-1"]
[WhiteElo "1468"]
[BlackElo "1546"]
[Opening "French defense"]
[ECO "C11"]
[Time "19:00:21"]
[PlyCount "130"]
[TimeControl "2700+45"]

1. e4 e6 2. d4 d5 3. Nc3 Nf6 4. exd5 Nxd5 5. Nf3 Bb4 6. Bd2 Bxc3 7. bxc3 O-O 8.
Bd3 h6 9. O-O Nc6 10. Qe2 f5 11. Ne5 Nxe5 12. Qxe5 Qf6 13. Rfe1 Qxe5 14. Rxe5 g5
15. g3 Kg7 16. Rae1 Bd7 17. c4 Ne7 18. d5 Ng6 19. R5e2 exd5 20. cxd5 a6 21. Bc4
Bb5 22. Bc3+ Kh7 23. Bd3 Bxd3 24. cxd3 Rad8 25. Rb1 b6 26. Be5 Rd7 27. d4 Ne7
28. Rbe1 Nxd5 29. a3 b5 30. Kg2 a5 31. Rb2 b4 32. axb4 axb4 33. h3 f4 34. gxf4
gxf4 35. Kf3 Kg6 36. Kg4 f3 37. Rb3 Ra8 38. Kxf3 Rf7+ 39. Ke4 Nc3+ 40. Ke3 Ra3
41. Rxa3 bxa3 42. Ra1 Nb5 43. f4 c6 44. Ra2 Ra7 45. Kd3 Ra4 46. Kc2 Rc4+ 47. Kb3
Rc3+ 48. Kb4 Rxh3 49. Rc2 Na7 50. Ra2 Kf5 51. Rxa3 Rxa3 52. Kxa3 Ke4 53. Kb2 Nb5
54. Kc2 Nxd4+ 55. Bxd4 Kxd4 56. f5 Ke5 57. f6 Kxf6 58. Kd3 h5 59. Ke4 c5 60. Kf4
c4 61. Kf3 Kf5 62. Ke3 h4 63. Kf3 c3 64. Ke3 h3 65. Kf2 c2 {White resigns} 0-1

[Event "Team 45 45 League T93"]
[Site "Internet Chess Club"]
[Date "2022.07.23"]
[Round "2"]
[White "cool64chess"]
[Black "laurenpar"]
[Result "1/2-1/2"]
[WhiteElo "1999"]
[BlackElo "1912"]
[Opening "Dutch defense, Rubinstein variation"]
[ECO "A40"]
[Time "03:31:17"]
[PlyCount "27"]
[TimeControl "2700+45"]

1. d4 e6 2. c4 f5 3. Nc3 Nf6 4. Bg5 Bb4 5. Qc2 O-O 6. O-O-O c5 7. dxc5 Qa5 8.
Bd2 Bxc3 9. Bxc3 Qxa2 10. Bxf6 Rxf6 11. b4 Qxc2+ 12. Kxc2 b6 13. cxb6 axb6 14.
Nf3 {Game drawn by mutual agreement} 1/2-1/2

[Event "Team 45 45 League T93"]
[Site "Internet Chess Club"]
[Date "2022.07.21"]
[Round "2"]
[White "fishhead"]
[Black "Ajolote"]
[Result "0-1"]
[WhiteElo "1706"]
[BlackElo "2010"]
[Opening "Sicilian: Sozin, not Scheveningen"]
[ECO "B57"]
[Time "22:01:16"]
[PlyCount "66"]
[TimeControl "2700+45"]

1. e4 c5 2. Nf3 Nc6 3. d4 cxd4 4. Nxd4 Nf6 5. Nc3 d6 6. Bc4 Bd7 7. O-O a6 8. Bg5
b5 9. Nxc6 Bxc6 10. Bd3 e6 11. Qe2 Be7 12. Rae1 h6 13. Bd2 Qb6 14. Kh1 b4 15.
Nd1 d5 16. e5 Nd7 17. c3 a5 18. Qg4 g6 19. f4 d4 20. c4 Nc5 21. Bb1 b3 22. Bc1
bxa2 23. Bxa2 Nd3 24. Nf2 Nxe1 25. Rxe1 Qb7 26. Bb1 h5 27. Qg3 h4 28. Qg4 h3 29.
Nxh3 O-O-O 30. Bd3 Rh4 31. Qg3 Rdh8 32. Kg1 Rxh3 33. gxh3 Bh4 {White resigns}
0-1

[Event "Team 45 45 League T93"]
[Site "Internet Chess Club"]
[Date "2022.07.30"]
[Round "2"]
[White "Tufnell"]
[Black "zethhon"]
[Result "1-0"]
[WhiteElo "1889"]
[BlackElo "1526"]
[Opening "Sicilian: Kan, 5.Bd3"]
[ECO "B42"]
[Time "07:30:26"]
[PlyCount "99"]
[TimeControl "2700+45"]

1. e4 c5 2. Nf3 e6 3. d4 cxd4 4. Nxd4 a6 5. Bd3 b5 6. O-O Bb7 7. a4 b4 8. Nd2
Nf6 9. e5 Nd5 10. Nc4 Qc7 11. Qg4 Nc6 12. Nxc6 Bxc6 13. Bd2 Nb6 14. Nd6+ Bxd6
15. exd6 Qxd6 16. Bxb4 Qd5 17. Rfe1 g6 18. h4 Nc8 19. Rad1 Qh5 20. Qxh5 gxh5 21.
b3 Rg8 22. g3 Bf3 23. Rd2 Rg7 24. Bc3 Rg4 25. Bf5 Rg8 26. Bxh7 Rg4 27. Bf5 Rg8
28. Be4 Bxe4 29. Rxe4 Ne7 30. Re5 Nf5 31. Kf1 Rc8 32. Bb4 Rg4 33. Rc5 Rd8 34.
Bc3 Ne7 35. Rxh5 Nd5 36. Rdxd5 exd5 37. Rh8+ Ke7 38. Bf6+ Kxf6 39. Rxd8 Ke7 40.
Ra8 Rg6 41. Ke2 Re6+ 42. Kd3 Rf6 43. Ke3 Re6+ 44. Kf3 Rf6+ 45. Kg2 Rc6 46. h5
Rh6 47. g4 f5 48. gxf5 Rxh5 49. Rxa6 Rxf5 50. Ra5 {Black resigns} 1-0

[Event "Team 45 45 League T93"]
[Site "Internet Chess Club"]
[Date "2022.07.22"]
[Round "2"]
[White "AlekMoro"]
[Black "achessman"]
[Result "0-1"]
[WhiteElo "1955"]
[BlackElo "1838"]
[Opening "Caro-Kann: two knights, 3...Bg4"]
[ECO "B11"]
[Time "21:16:03"]
[PlyCount "162"]
[TimeControl "2700+45"]

1. e4 c6 2. Nc3 d5 3. Nf3 Bg4 4. exd5 cxd5 5. Bb5+ Bd7 6. Be2 Bg4 7. h3 Bxf3 8.
Bxf3 Nf6 9. Qe2 e6 10. O-O Nc6 11. Qb5 Qc7 12. Re1 Be7 13. d4 O-O 14. Qd3 a6 15.
a3 b5 16. Bg5 Rfc8 17. Ne2 Na5 18. c3 Nc4 19. Rab1 Rab8 20. Bh4 a5 21. Nc1 b4
22. cxb4 axb4 23. a4 Na5 24. b3 Qc3 25. Rd1 Rb6 26. Ne2 Qxd3 27. Rxd3 Rbc6 28.
Bg5 Rc2 29. Rdd1 Kf8 30. Rdc1 Nd7 31. Be3 Nb8 32. Kf1 Bf6 33. Bd2 Be7 34. Ke1
Rxc1+ 35. Bxc1 Rc2 36. Be3 Nbc6 37. Kd1 Ra2 38. Nc1 Ra3 39. Kc2 Bf6 40. Kd3 Ke7
41. Bd1 e5 42. dxe5 Nxe5+ 43. Kc2 Nec6 44. Bc5+ Ke8 45. Bf3 Bd4 46. Nd3 Ra2+ 47.
Kd1 Bxc5 48. Nxc5 Rxf2 49. Bxd5 Rf1+ 50. Kc2 Nd4+ 51. Kd3 Rxb1 52. Kxd4 Ke7 53.
Be4 Nxb3+ 54. Ke3 Rb2 55. Nd3 Ra2 56. Nxb4 Rxa4 57. Nd5+ Kf8 58. Nb6 Ra7 59. Bd5
Nc5 60. Kd4 Nd7 61. Nc4 Ke7 62. Ne3 Ra4+ 63. Kc3 g6 64. Bb3 Ra1 65. Nd5+ Kf8 66.
Ne3 Ne5 67. Kd4 f6 68. Nd5 Kg7 69. Nf4 Ra3 70. Bd5 Ra4+ 71. Ke3 Nc4+ 72. Kf2 Ne5
73. Ne6+ Kh6 74. Ke3 Ra3+ 75. Kd4 Ra4+ 76. Kc5 Nd3+ 77. Kd6 Rb4 78. Bc6 Rb6 79.
Kc7 Rb2 80. Be4 Ne1 81. Nf4 Rb4 {White resigns} 0-1

[Event "Team 45 45 League T93"]
[Site "Internet Chess Club"]
[Date "2022.07.23"]
[Round "2"]
[White "ElValero"]
[Black "primerpaso"]
[Result "1/2-1/2"]
[WhiteElo "1769"]
[BlackElo "1850"]
[Opening "English: symmetrical, four knights system"]
[ECO "B38"]
[Time "13:00:28"]
[PlyCount "41"]
[TimeControl "2700+45"]

1. Nf3 Nf6 2. c4 c5 3. Nc3 Nc6 4. d4 cxd4 5. Nxd4 g6 6. e4 Bg7 7. Be3 O-O 8. Rc1
d6 9. Be2 Bd7 10. O-O a6 11. Nb3 Rb8 12. c5 dxc5 13. Nxc5 Bc8 14. Nb3 Qxd1 15.
Rfxd1 Nd7 16. Bg4 Nde5 17. Be2 Be6 18. Nc5 Bc8 19. Nb3 Be6 20. Nc5 Bc8 21. Nb3
{Game drawn by repetition} 1/2-1/2

[Event "Team 45 45 League T93"]
[Site "Internet Chess Club"]
[Date "2022.07.25"]
[Round "2"]
[White "Portola"]
[Black "LookImYourVader"]
[Result "1/2-1/2"]
[WhiteElo "1716"]
[BlackElo "1809"]
[Opening "Old Benoni defense"]
[ECO "A43"]
[Time "17:31:08"]
[PlyCount "97"]
[TimeControl "2700+45"]

1. d4 c5 2. e3 d5 3. c3 Nf6 4. Nd2 cxd4 5. exd4 Nc6 6. Ngf3 Bf5 7. Be2 e6 8. O-O
h6 9. Ne5 Nxe5 10. dxe5 Nd7 11. Nf3 Bc5 12. Bf4 O-O 13. h3 f6 14. exf6 Qxf6 15.
Bg3 Qg6 16. Kh2 Bc2 17. Qd2 Be4 18. Rad1 a6 19. Bd3 Bxd3 20. Qxd3 Qh5 21. Rde1
Rf6 22. Ne5 Nxe5 23. Rxe5 Qf7 24. Re2 Rf8 25. f3 Qd7 26. Be5 Rf5 27. Kh1 b5 28.
Rfe1 Re8 29. a3 Qf7 30. a4 Qd7 31. axb5 Qxb5 32. Qxb5 axb5 33. Ra1 b4 34. cxb4
Bxb4 35. Ra4 Bf8 36. f4 Rf7 37. Rc2 Rb7 38. g4 g6 39. Kg2 Bg7 40. Rf2 Bxe5 41.
fxe5 Reb8 42. Ra6 Rb6 43. Rxb6 Rxb6 44. Rd2 Rb3 45. Re2 g5 46. Kh2 Kg7 47. Kg2
Kf7 48. Kh2 Kg7 49. Kg2 {Game drawn by mutual agreement} 1/2-1/2

[Event "Team 45 45 League T93"]
[Site "Internet Chess Club"]
[Date "2022.07.23"]
[Round "2"]
[White "scostanzo212"]
[Black "walkover"]
[Result "0-1"]
[WhiteElo "1557"]
[BlackElo "1705"]
[Opening "Nimzo-Indian: 4.e3, main line with 7...Nc6"]
[ECO "E56"]
[Time "13:00:33"]
[PlyCount "104"]
[TimeControl "2700+45"]

1. d4 Nf6 2. c4 e6 3. Nc3 Bb4 4. e3 d5 5. Nf3 O-O 6. Bd3 c5 7. O-O Nc6 8. cxd5
exd5 9. Qc2 c4 10. Be2 Re8 11. b3 Bxc3 12. Qxc3 Ne4 13. Qc2 Bf5 14. Qb2 b5 15.
Ne1 c3 16. Qa3 b4 17. Qa6 Re6 18. Qa4 Qh4 19. Nf3 Qe7 20. Bb5 Rc8 21. Bxc6 Rexc6
22. Ne5 Rh6 23. Nf3 g5 24. Qb5 Qd6 25. Ne5 f6 26. f3 fxe5 27. fxe4 Bxe4 28. g3
Qe6 29. Qe2 g4 30. a3 Bf3 31. Qe1 a5 32. axb4 axb4 33. Ra4 Rb8 34. Qf2 Rg6 35.
Qa2 Rf6 36. Ra8 Rbf8 37. Rxf8+ Rxf8 38. Qa5 exd4 39. exd4 Qe2 40. Rf2 Qe1+ 41.
Rf1 Qe2 42. Rf2 Qd1+ 43. Rf1 Qxb3 44. Bh6 Qc2 45. Rf2 Qd1+ 46. Rf1 Qxd4+ 47. Rf2
Re8 48. Qa1 b3 49. Qc1 Kh8 50. Qa1 b2 51. Qb1 Re2 52. Qf1 b1=Q {White resigns}
0-1

[Event "Team 45 45 League T93"]
[Site "Internet Chess Club"]
[Date "2022.07.22"]
[Round "2"]
[White "ARMAND02019"]
[Black "Signofthetimes"]
[Result "1-0"]
[WhiteElo "1605"]
[BlackElo "1503"]
[Opening "Queen's pawn"]
[ECO "A40"]
[Time "23:00:21"]
[PlyCount "79"]
[TimeControl "2700+45"]

1. d4 c6 2. g3 d5 3. Bg2 Nf6 4. Nc3 Bf5 5. Nf3 e6 6. Nh4 Bg6 7. Nxg6 hxg6 8. Bg5
Qb6 9. Rb1 Be7 10. O-O Nbd7 11. e4 dxe4 12. Nxe4 Nxe4 13. Bxe7 Kxe7 14. Bxe4 Rh6
15. Bg2 Rah8 16. h3 Qc7 17. c4 Nf6 18. Re1 Rd8 19. Rc1 Qb6 20. d5 Qxb2 21. Rb1
Qxa2 22. Rxb7+ Kf8 23. Qd4 cxd5 24. cxd5 Qa6 25. Rxa7 Qd6 26. Rb1 Kg8 27. Rbb7
Rd7 28. Ra8+ Rd8 29. Rxd8+ Qxd8 30. d6 Rh5 31. g4 Ra5 32. Qb4 Nd7 33. Kh2 Ra6
34. Bf1 Ra8 35. Bb5 Rb8 36. Bxd7 Rxb7 37. Qxb7 f5 38. Bxe6+ Kh7 39. Qd5 f4 40.
Bg8+ {Black resigns} 1-0

[Event "Team 45 45 League T93"]
[Site "Internet Chess Club"]
[Date "2022.07.24"]
[Round "2"]
[White "Kingofknights"]
[Black "Andressa"]
[Result "1-0"]
[WhiteElo "1482"]
[BlackElo "1337"]
[Opening "QGD: Neo-orthodox variation, 7.Bh4"]
[ECO "D56"]
[Time "16:02:48"]
[PlyCount "129"]
[TimeControl "2700+45"]

1. d4 d5 2. c4 e6 3. Nc3 Nf6 4. Bg5 Be7 5. Nf3 h6 6. Bh4 O-O 7. e3 a6 8. c5 Nbd7
9. Bd3 c6 10. Qc2 Rb8 11. O-O b5 12. Bg3 Ra8 13. h3 a5 14. e4 Nxe4 15. Nxe4 dxe4
16. Bxe4 Bb7 17. Rad1 Nf6 18. Bd3 Nd5 19. Qe2 Bf6 20. Qe4 g6 21. Ne5 Bxe5 22.
Bxe5 f5 23. Qf3 b4 24. Rfe1 Qd7 25. Qg3 Qf7 26. Bc4 g5 27. f4 Qh5 28. Be2 Qg6
29. Bf3 Ba6 30. Bxd5 cxd5 31. fxg5 Qxg5 32. Qxg5+ hxg5 33. Bd6 Rfe8 34. c6 Rac8
35. c7 Kf7 36. Rc1 Ra8 37. Rc6 Bc8 38. Rec1 Bd7 39. Rb6 Rec8 40. Kf2 Kg6 41. Kf3
Kf6 42. g3 Kg6 43. Be7 Kh6 44. Rd6 Be8 45. Rxe6+ Kg7 46. Bxg5 Bh5+ 47. g4 fxg4+
48. hxg4 Rf8+ 49. Kg3 Bg6 50. Bd8 Rfxd8 51. cxd8=Q Rxd8 52. Rc7+ Bf7 53. Ree7
Rf8 54. Ra7 Kg6 55. Rxf7 Rxf7 56. Rxf7 Kxf7 57. Kf4 Kf6 58. g5+ Ke6 59. g6 Kf6
60. g7 Kxg7 61. Ke5 Kf7 62. Kxd5 Ke7 63. Kc6 Ke6 64. d5+ Ke5 65. d6 {Black
resigns} 1-0

[Event "Team 45 45 League T93"]
[Site "Internet Chess Club"]
[Date "2022.07.24"]
[Round "2"]
[White "xingon"]
[Black "tightfist"]
[Result "0-1"]
[WhiteElo "1282"]
[BlackElo "1482"]
[Opening "QGD: Orthodox defense, Botvinnik variation"]
[ECO "D60"]
[Time "21:31:54"]
[PlyCount "42"]
[TimeControl "2700+45"]

1. d4 d5 2. c4 e6 3. Nf3 Nf6 4. Bg5 Nbd7 5. e3 Be7 6. Nc3 O-O 7. Bd3 b6 8. O-O
Bb7 9. cxd5 exd5 10. Qc2 c5 11. b3 Rc8 12. Rac1 h6 13. Bh4 Ne4 14. Nxe4 dxe4 15.
Bxe4 Ba6 16. Bxe7 Qxe7 17. Bd3 cxd4 18. Qe2 Bxd3 19. Qxd3 dxe3 20. Qe4 exf2+ 21.
Kxf2 Qxe4 {White resigns} 0-1